 Dungeon Crawl Stone Soup version 0.22-a0-305-gd21a89c (webtiles) character file.

5567 grindst0ne the Nimble (level 10, -5/75 HPs)
             Began as a Deep Elf Ice Elementalist on Mar 29, 2018.
             Was a Believer of Vehumet.
             Slain by a manticore (7 damage)
             ... on level 11 of the Dungeon.
             The game lasted 00:40:26 (15615 turns).

grindst0ne the Nimble (Deep Elf Ice Elementalist)  Turns: 15615, Time: 00:40:26

Health: -5/75      AC: 25    Str:  5    XL:     10   Next: 44%
Magic:  11/29      EV:  2    Int: 24    God:    Vehumet [**....]
Gold:   39         SH:  0    Dex: 22    Spells: 0/19 levels left

rFire    . . .     SeeInvis +   p - +11 short sword of the Tomato {pain, +Fly Dex+7 SInv}
rCold    . . .     Gourm    +   (no shield)
rNeg     + + +     Faith    .   (armour currently unavailable)
rPois    +         Spirit   .   (helmet currently unavailable)
rElec    .         Reflect  .   (cloak currently unavailable)
rCorr    .         Harm     .   (gloves currently unavailable)
MR       +....     NoTele   +   (boots currently unavailable)
Stlth    +++.......             e - amulet of the gourmand
HPRegen  0.22/turn              h - ring of wizardry
MPRegen  0.21/turn              k - ring of magical power

@: tree-form
A: no striking features
a: Renounce Religion


You were on level 11 of the Dungeon.
You worshipped Vehumet.
Vehumet was pleased with you.
You were completely stuffed.
You were a tree.
You visited 2 branches of the dungeon, and saw 12 of its levels.

You collected 579 gold pieces.
You spent 540 gold pieces at shops.

Inventory:

Hand Weapons
 p - the +11 short sword of the Tomato (weapon) {pain, +Fly Dex+7 SInv}
   (You found it on level 4 of the Dungeon)

   In the hands of one skilled in necromantic magic, it inflicts extra damage on
   living creatures.
   It affects your dexterity (+7).
   It lets you see invisible.
   It lets you fly.
Armour
 a - a +0 robe
 n - a +1 leather armour (melded)
Jewellery
 d - an uncursed ring of resist corrosion
 e - an amulet of the gourmand (around neck)
 h - a ring of wizardry (left branch)
 i - an uncursed ring of flight
 k - a ring of magical power (right branch)
 A - a +5 ring of dexterity
 D - an uncursed ring of magical power
Scrolls
 g - 4 scrolls of teleportation
 m - a scroll of enchant armour
 q - a scroll of identify
 r - 2 scrolls of enchant weapon
 s - a scroll of remove curse
 t - 2 scrolls of random uselessness {unknown}
 w - a scroll of blinking
 y - a scroll of acquirement {unknown}
 C - a scroll of fog {unknown}
Potions
 b - 4 potions of might
 j - a potion of magic {unknown}
 l - 4 potions of agility
 o - 2 potions of curing
 u - a potion of resistance {unknown}
 z - a potion of cancellation
 B - a potion of ambrosia
Comestibles
 c - 15 rations
 v - 4 chunks of flesh


   Skills:
 + Level 9.5 Dodging
 - Level 2.4 Stealth
 - Level 5.4 Spellcasting
 + Level 7.2 Conjurations
 - Level 7.0 Charms
 + Level 7.1 Summonings
 + Level 1.0 Translocations
 + Level 9.1 Ice Magic


You couldn't memorise any spells.
You knew the following spells:

 Your Spells              Type           Power        Failure   Level  Hunger
a - Freeze                Ice            ####         1%          1    None
b - Throw Frost           Conj/Ice       #####.       1%          2    None
c - Ozocubu's Armour      Chrm/Ice       #####...     1%          3    #......
d - Summon Ice Beast      Ice/Summ       #####...     1%          4    ###....
e - Throw Icicle          Conj/Ice       #####...     1%          4    ###....
f - Blink                 Tloc           N/A          3%          2    None
g - Mephitic Cloud        Conj/Pois/Air  ###.....     4%          3    #......


Dungeon Overview and Level Annotations

Branches:
Dungeon (11/15)            Temple (1/1) D:6            Lair (0/6) D:8
    Orc (0/2) D:10

Altars:
Ashenzari
Cheibriados
Dithmenos
Elyvilon
Fedhas
Gozag
Hepliaklqana
Makhleb
Nemelex Xobeh
Okawaru
Qazlal
Ru
Sif Muna
Trog
Uskayaw
Vehumet
Wu Jian
Xom
Yredelemnul
Zin
The Shining One

Shops:
D:4 :   D:6 =   D:10 *

Annotations:
D:3 exclusion: 2 downstairs
D:5 exclusion: downstairs
D:7 exclusion: downstairs


Message History

You feel much better.
Something stings your ice beast but does no damage. x2
Your ice beast hits the manticore.
Your ice beast freezes the manticore!
The manticore bites you!
* * * LOW HITPOINT WARNING * * *
The manticore claws you.
* * * LOW HITPOINT WARNING * * *
The manticore claws you.
* * * LOW HITPOINT WARNING * * *
Your ice beast barely misses the manticore.
You turn into a tree.
Your +1 leather armour melds into your body.
Your roots penetrate the ground.
Something stings your ice beast. Something barely misses your ice beast.
Your ice beast completely misses the manticore.
The manticore bites you!
* * * LOW HITPOINT WARNING * * *
The manticore claws you but does no damage.
The manticore claws you!
You die...

,,,,,****** ,,,,,,,,,,##* **
,,,,,,***,..#* *, ,,,,,,*
***..#** *, ,,,,,,* **...*
******, ,,,,,,* **#.### **,,,,,,
,,,,,** *.<.#########.,,***,
,,,,** **#.#.........*,,,** *****
#♣HY........*,*,*
###Y....###,*,*,**
####....##,,,,,,,,,
##...#.#.#,,*,*,,,,,
##....[y..#,*,,*,,,,,
#......####,,,**,,,,,
**********#.....##,,,****,,,,,,
*,,,,,,,,,#.....#,,*,*,,,,,,,,,
***,,,,,,,,,##....#,*,,*,*,,,,,,,


You could see a manticore and 2 friendly ice beasts.

Vanquished Creatures
  A tengu conjurer (D:11)
  A troll (D:7)
  A hippogriff (D:8)
  A spriggan (D:10)
  A hungry ghost (D:7)
  The ghost of grindst0ne the Skirmisher, an amateur BaFi (D:4)
  3 yaks (D:9)
  2 orc warriors
  2 sky beasts
  An ice beast (D:5)
  A phantom (D:4)
  7 ogres
  2 crocodiles (D:8)
  A water moccasin skeleton (D:6)
  4 wights (D:10)
  2 howler monkeys
  A centaur zombie (D:9)
  2 crimson imps
  A quasit (D:6)
  4 hounds
  2 jellies
  An orc priest (D:3)
  6 orc wizards
  An iguana (D:7)
  5 worker ants
  2 hound zombies
  2 hound skeletons
  A mummy (D:8)
  8 gnolls
  8 adders
  A shadow imp (D:10)
  An ooze (D:1)
  An adder skeleton (D:4)
  An adder zombie (D:5)
  4 worms
  3 dart slugs
  4 leopard geckos
  25 orcs
  6 bats
  A giant cockroach (D:7)
  5 goblins
  9 hobgoblins
  6 jackals
  21 kobolds
  6 quokkas
  A ball python (D:6)
  7 frilled lizards
  2 gnoll zombies (D:5)
  A hobgoblin zombie (D:8)
  A kobold zombie (D:8)
  A leopard gecko skeleton (D:6)
  A quokka skeleton (D:4)
  3 rats
186 creatures vanquished.

Vanquished Creatures (collateral kills)
  2 two-headed ogres
  A hippogriff (D:9)
  A yak (D:9)
  A steam dragon (D:9)
  3 orc warriors
  2 phantoms
  An ogre (D:7)
  A centaur (D:10)
  3 big kobolds
  A wyvern skeleton (D:9)
  A killer bee (D:11)
  A howler monkey (D:9)
  A wight (D:9)
  A jelly (D:11)
  An orc wizard (D:10)
  3 worker ants
  A shadow imp (D:10)
  An adder zombie (D:10)
  8 orcs
  10 kobolds
44 creatures vanquished.

Vanquished Creatures (others)
  A wizard (D:5)
1 creature vanquished.

Grand Total: 231 creatures vanquished

Notes
Turn   | Place    | Note
-------+----------+-------------------------------------------
     0 | D:1      | grindst0ne the Deep Elf Ice Elementalist began the quest for the Orb.
     0 | D:1      | Reached XP level 1. HP: 10/10 MP: 6/6
   232 | D:1      | Reached XP level 2. HP: 11/15 MP: 4/8
   447 | D:1      | Learned a level 2 spell: Throw Frost
   638 | D:1      | Reached XP level 3. HP: 7/19 MP: 2/10
  1080 | D:2      | Learned a level 3 spell: Ozocubu's Armour
  1149 | D:2      | Found a blossoming altar of Fedhas.
  1166 | D:2      | Reached skill level 1 in Charms
  1184 | D:2      | Reached XP level 4. HP: 12/24 MP: 1/12
  2064 | D:3      | Reached XP level 5. HP: 19/28 MP: 2/13
  3093 | D:4      | Found Irobbig's Book Shoppe.
  3112 | D:4      | Found a sparkling altar of Nemelex Xobeh.
  3134 | D:4      | Found a hide-covered altar of Uskayaw.
  3139 | D:4      | Got a warped short sword
  3276 | D:4      | Learned a level 4 spell: Summon Ice Beast
  3543 | D:4      | Noticed grindst0ne's ghost (amateur BaFi)
  4098 | D:4      | Noticed a phantom
  4246 | D:4      | Noticed an ogre
  4615 | D:4      | Killed an ogre
  4615 | D:4      | Reached skill level 5 in Spellcasting
  4615 | D:4      | Reached XP level 6. HP: 32/32 MP: 3/15
  4685 | D:4      | Reached skill level 5 in Charms
  5487 | D:3      | Reached skill level 5 in Ice Magic
  5597 | D:3      | Identified the +11 short sword of the Tomato {pain, +Fly Dex+7 SInv} (You found it on level 4 of the Dungeon)
  5604 | D:3      | Learned a level 4 spell: Throw Icicle
  5630 | D:4      | Reached XP level 7. HP: 35/36 MP: 14/17
  6103 | D:5      | Entered Level 5 of the Dungeon
  6116 | D:5      | Reached skill level 5 in Dodging
  6268 | D:5      | Found a bloodstained altar of Trog.
  6269 | D:5      | Noticed a wizard
  6274 | D:5      | Killed a wizard
  6724 | D:5      | Reached skill level 1 in Summonings
  6734 | D:5      | Found a basalt altar of Yredelemnul.
  7272 | D:6      | Reached XP level 8. HP: 41/41 MP: 1/18
  8195 | D:6      | Found Pomaarch's Jewellery Emporium.
  8665 | D:6      | Bought an uncursed ring of magical power for 300 gold pieces
  8682 | D:7      | Found a deep blue altar of Sif Muna.
  8697 | D:7      | Noticed a troll
  9073 | D:7      | Killed a troll
 10146 | D:7      | Reached XP level 9. HP: 44/45 MP: 16/19
 10382 | D:6      | Found a staircase to the Ecumenical Temple.
 10685 | Temple   | Entered the Ecumenical Temple
 10767 | Temple   | Became a worshipper of Vehumet
 10818 | D:8      | Found a staircase to the Lair.
 10818 | D:8      | Noticed an elephant
 11404 | D:8      | Reached skill level 5 in Conjurations
 11404 | D:8      | HP: 2/45 [orc warrior/trident (15)]
 12547 | D:9      | Reached skill level 5 in Summonings
 12936 | D:9      | Noticed a two-headed ogre
 12942 | D:9      | Killed a two-headed ogre
 12964 | D:9      | Found an ornate altar of the Wu Jian Council.
 13013 | D:9      | Reached * piety under Vehumet
 13013 | D:9      | Offered knowledge of Shock by Vehumet.
 13170 | D:9      | Found a glowing golden altar of the Shining One.
 13367 | D:9      | Reached XP level 10. HP: 30/50 MP: 0/20
 13585 | D:10     | Entered Level 10 of the Dungeon
 13585 | D:10     | Noticed a two-headed ogre
 13594 | D:10     | Killed a two-headed ogre
 14132 | D:10     | Found a staircase to the Orcish Mines.
 14486 | D:10     | Reached ** piety under Vehumet
 14486 | D:10     | Offered knowledge of Sandblast by Vehumet.
 14623 | D:10     | Found a sparkling altar of Nemelex Xobeh.
 14743 | D:10     | Found Ohaipime's Assorted Antiques.
 14855 | D:4      | Killed grindst0ne's ghost
 14922 | D:4      | Bought a book of Minor Magic for 240 gold pieces
 14925 | D:4      | Learned a level 2 spell: Blink
 14929 | D:4      | Learned a level 3 spell: Mephitic Cloud
 15589 | D:11     | Reached skill level 1 in Translocations
 15606 | D:11     | Noticed a manticore
 15615 | D:11     | HP: 2/75 [manticore (14)]
 15615 | D:11     | Slain by a manticore

Vault maps used:
D:1:      lemuel_arrival_muddy
D:2:      fedhas_altar_3
D:4:      nemelex_xobeh_ov_fountains_minmay, kennysheep_mini_moat, serial_shops,
          shop
D:5:      lemuel_zombie_altar_yredelemnul, first_ration, trog_wizard
D:6:      minmay_temple_entry_from_below_a, serial_shops,
          nicolae_shop_statue_plus, minivault_1
D:7:      kennysheep_little_box
D:8:      david_lair_generic, nicolae_ossuary_entry_giza,
          kennysheep_generic_room_9
D:9:      overflow_temple_1_default, lemuel_crystal_altar, grunt_ministairs_5
D:10:     serial_shops, nicolae_shop_behind_doors, the_bakery,
          nemelex_diamond_rough_becter
D:11:     portal_ice_cave_rime, minmay_bent
Temple:   eino_temple_scatter_basement

Skill      XL: |  1  2  3  4  5  6  7  8  9 10 |
---------------+-------------------------------+-----
Dodging        | 3 4 5 7 8 9 |  9.5
Spellcasting   | 4 5 |  5.4
Charms         | 1 2 4 6 7 |  7.0
Ice Magic      | 4 5 7 8 9 |  9.1
Summonings     | 1 4 6 7 |  7.1
Conjurations   | 2 4 6 7 |  7.2
Translocations | 1 |  1.0
Stealth        | |  2.4

Action                   |  1- 3 |  4- 6 |  7- 9 | 10-12 || total
-------------------------+-------+-------+-------+-------++-------
Melee: Short sword       |     6 |    18 |   179 |    67 ||   270
 Cast: Freeze            |    55 |   137 |    20 |     5 ||   217
       Ozocubu's Armour  |     1 |    24 |    35 |    16 ||    76
       Throw Frost       |       |    27 |     4 |       ||    31
       Summon Ice Beast  |       |     1 |    26 |    36 ||    63
       Throw Icicle      |       |       |    50 |    17 ||    67
  Use: Scroll            |       |    11 |     5 |     2 ||    18
       Potion            |       |     4 |     3 |     2 ||     9
 Stab: Sleeping          |     1 |       |     4 |       ||     5
       Distracted        |       |       |     2 |     2 ||     4
  Eat: Chunk             |     1 |     8 |    32 |    15 ||    56
       Ration            |       |     2 |     4 |       ||     6
Armor: Robe              |     2 |     5 |       |       ||     7
       Leather armour    |       |    30 |    41 |    13 ||    84
       Skin              |       |       |       |     1 ||     1
Dodge: Dodged            |    40 |   115 |   206 |    92 ||   453

Table legend:
 A = Spawn XP
 B = Non-spawn XP
 C = Spawn XP percentage of total XP
 D = Spawn monster count
 E = Non-spawn monster count
 F = Spawn count percentage of total count
 G = Total turns spent on level
                    A         B        C        D         E        F      G
               +---------+---------+-------+---------+---------+-------+---------
         Total |       0 |    7954 |   0.0 |       0 |     230 |   0.0 | 15615
               +---------+---------+-------+---------+---------+-------+---------
           D:1 |       0 |      53 |   0.0 |       0 |      25 |   0.0 |  1057
           D:2 |       0 |      99 |   0.0 |       0 |      24 |   0.0 |   899
           D:3 |       0 |     136 |   0.0 |       0 |      17 |   0.0 |  2977
           D:4 |       0 |     692 |   0.0 |       0 |      26 |   0.0 |  1265
           D:5 |       0 |     372 |   0.0 |       0 |      11 |   0.0 |  1016
           D:6 |       0 |     641 |   0.0 |       0 |      24 |   0.0 |  2077
           D:7 |       0 |    1033 |   0.0 |       0 |      18 |   0.0 |  2788
           D:8 |       0 |     775 |   0.0 |       0 |      15 |   0.0 |   938
           D:9 |       0 |    1981 |   0.0 |       0 |      30 |   0.0 |  1207
          D:10 |       0 |    1652 |   0.0 |       0 |      33 |   0.0 |  1194
          D:11 |       0 |     520 |   0.0 |       0 |       7 |   0.0 |    96
               +---------+---------+-------+---------+---------+-------+---------
